 Dungeon Crawl Stone Soup version 0.24.1-14-gf8d2b509d9 (webtiles) character file.

Game seed: 9443069390354111265, levelgen mode: deterministic

5670 AP0 the Fighter (level 10, -4/82 HPs)
             Began as a Demonspawn Berserker on May 30, 2020.
             Was an Elder of Trog.
             Killed by divine providence
             ... invoked by an orc priest
              (11 damage)
             ... on level 11 of the Dungeon.
             The game lasted 00:49:13 (9523 turns).

AP0 the Fighter (Demonspawn Berserker)              Turns: 9523, Time: 00:49:15

Health: -4/82      AC: 22    Str: 20    XL:     10   Next: 47%
Magic:  10/10      EV:  6    Int:  9    God:    Trog [****..]
Gold:   158        SH: 13    Dex: 13    Spells: 9/9 levels left

rFire    . . .     SeeInvis .   v - +4 flail
rCold    . . .     Gourm    .   o - +0 shield
rNeg     . . .     Faith    .   G - +0 plate armour
rPois    .         Spirit   .   (helmet restricted)
rElec    .         Reflect  .   y - scarf {cloud immunity}
rCorr    .         Harm     .   g - +2 pair of gloves
MR       +....                  (no boots)
Stlth    ..........             D - amulet of rage
HPRegen  0.23/turn              d - ring of protection from magic
MPRegen  0.12/turn              q - +6 ring of protection

@: berserk cooldown, slowed, very slow
A: horns 1, large bone plates 2, powered by death 2, rot immunity
a: Berserk, Trog's Hand, Brothers in Arms, Renounce Religion, Evoke Berserk Rage


You were on level 11 of the Dungeon.
You worshipped Trog.
Trog was greatly pleased with you.
You were near starving.

You visited 1 branch of the dungeon, and saw 11 of its levels.

You collected 307 gold pieces.
You spent 149 gold pieces at shops.

Inventory:

Hand Weapons
 f - a +4 battleaxe
 v - a +4 flail (weapon)
 E - a +1 halberd
 F - a cursed +4 battleaxe
Missiles
 b - 5 javelins (quivered)
 p - a throwing net
Armour
 g - a +2 pair of gloves (worn)
 o - a +0 shield (worn)
 y - a scarf of cloud immunity (worn)
 G - a +0 plate armour (worn)
Jewellery
 a - an uncursed ring of wizardry
 d - a ring of protection from magic (left hand)
 q - a +6 ring of protection (right hand)
 x - an uncursed amulet of guardian spirit
 C - an uncursed amulet of the acrobat {unknown}
 D - an amulet of rage (around neck)
Scrolls
 e - 8 scrolls of remove curse
 l - a scroll of enchant armour {unknown}
 n - 6 scrolls of identify
 s - a scroll of magic mapping
 w - a scroll of summoning {unknown}
 z - a scroll of fear {unknown}
Potions
 h - a potion of haste {unknown}
 i - 2 potions of lignification {unknown}
 j - 4 potions of curing
 k - a potion of heal wounds {unknown}
 m - a potion of ambrosia {unknown}
 r - 3 potions of brilliance {unknown}
 t - a potion of invisibility {unknown}
 A - a potion of cancellation {unknown}
 B - 2 potions of agility {unknown}
 H - a potion of degeneration {unknown}
 I - a potion of mutation {unknown}
Comestibles
 c - 18 rations
 u - 8 chunks of flesh


   Skills:
 * Level 8.5 Fighting
 - Level 3.7(5.7) Axes
 * Level 6.8(7.2) Maces & Flails
 - Level 0.5 Throwing
 * Level 7.3 Armour
 * Level 7.2 Dodging
 - Level 0.7 Stealth


You had 9 spell levels left.
You didn't know any spells.
Your spell library was empty.

Dungeon Overview and Level Annotations

Branches:
Dungeon (11/15)            Temple (0/1) D:4
   Lair: D:8-11         Orc: D:9-12

Altars:
Fedhas
Gozag
Hepliaklqana
Kikubaaqudgha
Makhleb
Okawaru
Ru
Trog
Uskayaw
Vehumet
Xom
Zin
The Shining One

Shops:
D:5 *   D:7 [

Annotations:
D:9 Gastronok


Innate Abilities, Weirdness & Mutations

You have a pair of small horns on your head.
You are mostly covered in large bone plates. (SH +6)
You regenerate health from kills.
You are immune to rotting.


Message History

You fail to use your ability.
You block the jackal's attack.
A warg comes into view.
The warg bites you but does no damage. You block the yak's attack.
The basilisk bites you.
* * * LOW HITPOINT WARNING * * *
The jackal bites you but does no damage.
The yak gores you but does no damage. The warg bites you but does no damage.
A yak comes into view.
The yak gores you but does no damage. The basilisk bites you!
* * * LOW HITPOINT WARNING * * *
The jackal bites you but does no damage.
The warg moves out of view.
Unknown command.
You hit the basilisk.
The basilisk is severely wounded.
The warg bites you but does no damage. You block the yak's attack.
You block the jackal's attack.
The orc priest calls down the wrath of Beogh upon you.
Beogh smites you!
You die...

...... ...... .# ..
...... ##### ####.###..
...... #...###.........
...... #.......#.......
.o....###.......#.......
..#.............#.......
.>.............†hhY...h.
......_........l@Yo.o#
.?..........##.YY####Yo.
............##...#
.o.......######+##
...##?..## ... #...# ..
#....


You could see 5 yaks, a basilisk, 2 wargs, an orc priest, 2 orc wizards and a
jackal.

Vanquished Creatures
  A troll (D:10)
  A hippogriff (D:7)
  8 yaks
  Grum (D:8)
  A water moccasin (D:9)
  A sky beast (D:5)
  2 ice beasts
  A phantom (D:6)
  A necrophage (D:10)
  2 ogres (D:8)
  4 wolves (D:8)
  4 centaurs
  A crocodile (D:8)
  A big kobold (D:9)
  Blork the orc (D:4)
  4 bullfrogs
  A scorpion (D:9)
  3 killer bees (D:4)
  A wight (D:10)
  3 howler monkeys (D:9)
  A crimson imp (D:2)
  A bullfrog zombie (D:10)
  3 centaur zombies
  A quasit (D:9)
  3 orc priests
  5 bullfrog skeletons
  7 orc wizards
  3 hounds
  2 iguanas (D:7)
  A centaur skeleton (D:4)
  5 worker ants
  A killer bee zombie (D:10)
  A hound zombie (D:9)
  3 mummies (D:10)
  A worker ant zombie (D:10)
  Robin (D:4)
  7 adders
  A shadow imp (D:6)
  An adder zombie (D:5)
  An adder skeleton (D:7)
  A worm (D:3)
  A dart slug (D:1)
  7 leopard geckos
  17 orcs
  A ball python (D:6)
  2 giant cockroaches (D:3)
  19 goblins
  10 hobgoblins
  11 jackals
  3 bats
  A frilled lizard (D:3)
  A jackal zombie (D:5)
  10 kobolds
  3 leopard gecko skeletons
  8 rats
186 creatures vanquished.

Vanquished Creatures (collateral kills)
  Nergalle (D:10)
  A gargoyle (D:10)
  A wight (D:10)
  An orc wizard (D:10)
  3 orcs (D:10)
7 creatures vanquished.

Grand Total: 193 creatures vanquished

Notes
Turn   | Place    | Note
-------+----------+-------------------------------------------
     0 | D:1      | AP0 the Demonspawn Berserker began the quest for the Orb.
     0 | D:1      | Reached XP level 1. HP: 18/18 MP: 1/1
   925 | D:1      | Gained mutation: You regenerate a little health from kills.
                  | [demonic ancestry]
   925 | D:1      | Reached XP level 2. HP: 18/24 MP: 2/2
  2055 | D:2      | Noticed a crimson imp
  2093 | D:2      | Found a hazy altar of Hepliaklqana.
  2098 | D:2      | Killed a crimson imp
  2098 | D:2      | Gained mutation: You are partially covered in large bone
                  | plates. (SH +4) [demonic ancestry]
  2098 | D:2      | Reached XP level 3. HP: 20/29 MP: 3/3
  2505 | D:3      | Reached XP level 4. HP: 35/35 MP: 4/4
  3152 | D:3      | Reached ** piety under Trog
  3626 | D:3      | Gained mutation: You are immune to rotting. [demonic
                  | ancestry]
  3626 | D:3      | Reached XP level 5. HP: 8/42 MP: 5/5
  4363 | D:4      | Noticed Blork the orc
  4377 | D:4      | Reached skill level 4 in Fighting
  4377 | D:4      | Reached skill level 1 in Maces & Flails
  4385 | D:4      | Killed Blork the orc
  4559 | D:4      | Gained mutation: You have a pair of small horns on your
                  | head. [demonic ancestry]
  4559 | D:4      | Reached XP level 6. HP: 48/48 MP: 6/6
  4895 | D:4      | Found an iron altar of Okawaru.
  5067 | D:4      | Noticed Robin
  5087 | D:4      | Killed Robin
  5172 | D:4      | Found a blossoming altar of Fedhas.
  5174 | D:4      | Found a blossoming altar of Fedhas.
  5174 | D:4      | Found a shadowy altar of Dithmenos.
  5176 | D:4      | Found a blossoming altar of Fedhas.
  5176 | D:4      | Found an ancient bone altar of Kikubaaqudgha.
  5176 | D:4      | Found a shimmering altar of Xom.
  5350 | D:4      | Found a staircase to the Ecumenical Temple.
  5473 | D:4      | Gained mutation: You are mostly covered in large bone
                  | plates. (SH +6) [demonic ancestry]
  5473 | D:4      | Reached XP level 7. HP: 46/55 MP: 7/7
  5619 | D:5      | Entered Level 5 of the Dungeon
  5619 | D:5      | Found a bloodstained altar of Trog.
  5640 | D:5      | Found Jughaes's General Store.
  5929 | D:5      | Found an opulent altar of Gozag.
  5945 | D:5      | Found an ancient bone altar of Kikubaaqudgha.
  5959 | D:5      | Found a burning altar of Makhleb.
  5970 | D:5      | Found a sacrificial altar of Ru.
  5979 | D:5      | Found a hide-covered altar of Uskayaw.
  5998 | D:5      | Found a radiant altar of Vehumet.
  6140 | D:5      | Reached skill level 5 in Fighting
  6143 | D:5      | Reached *** piety under Trog
  6377 | D:5      | Found a glowing golden altar of the Shining One.
  6721 | D:6      | Gained mutation: You regenerate health from kills. [demonic
                  | ancestry]
  6721 | D:6      | Reached XP level 8. HP: 63/63 MP: 8/8
  6958 | D:6      | Found a glowing silver altar of Zin.
  7087 | D:7      | Reached skill level 6 in Fighting
  7397 | D:7      | Noticed a hippogriff
  7407 | D:7      | Killed a hippogriff
  7407 | D:7      | Reached skill level 5 in Armour
  7407 | D:7      | Reached skill level 5 in Dodging
  7424 | D:7      | Found Udyrifen's Armour Boutique.
  7432 | D:7      | Bought a +0 cloak for 58 gold pieces
  7432 | D:7      | Bought a scarf of cloud immunity for 91 gold pieces
  7649 | D:7      | Found a blossoming altar of Fedhas.
  7914 | D:8      | Noticed Grum
  7922 | D:8      | Reached XP level 9. HP: 71/71 MP: 9/9
  7945 | D:8      | Killed Grum
  7952 | D:8      | Reached skill level 5 in Maces & Flails
  7959 | D:8      | Reached skill level 7 in Fighting
  8377 | D:9      | Reached **** piety under Trog
  8410 | D:9      | Noticed Gastronok
  8973 | D:10     | Entered Level 10 of the Dungeon
  8994 | D:10     | Noticed a troll
  9016 | D:10     | Killed a troll
  9075 | D:10     | Noticed a gargoyle
  9118 | D:10     | Reached XP level 10. HP: 61/80 MP: 10/10
  9136 | D:10     | Killed a gargoyle
  9136 | D:10     | Reached skill level 8 in Fighting
  9448 | D:10     | Noticed Nergalle
  9470 | D:10     | Killed Nergalle
  9482 | D:11     | Found an opulent altar of Gozag.
  9523 | D:11     | Killed from afar by an orc priest

Levels and vault maps discovered:
D:1:      minmay_arrival_four_houses, layout_loops_corners
D:2:      layout_basic, marbit_many_paths, minmay_hexomino_r4
D:3:      wad_river_or_something, layout_loops_corners, first_ration,
          serial_park_tiny_2
D:4:      layout_layer_cave, doesnt_xom_only_xom,
          nicolae_overflow_hidden_temple, minmay_temple_entry_glass,
          serial_glass, glass_columns_a, glass_columns_c,
          minmay_misc_feat_diagonals, uniq_robin, uniq_blork_the_orc
D:5:      layout_basic, grunt_temple_overflow_octagram, basic_altar,
          serial_shops, shop, grunt_tough_drop
D:6:      layout_basic, zin_scriptorium, serial_shops, shop
D:7:      layout_basic, yredelemnul_forgotten_temple_becter,
          fedhas_ov_isle_minmay, serial_shops, shop
D:8:      layout_gridville, serial_shops, shop,
          lightli_ossuary_entry_decrepit_ruins, blue_anna_alchemist
          [blue_anna_fruit_fields, blue_anna_fruit_fields], uniq_grum
D:9:      layout_irregular_city, uniq_gastronok
D:10:     layout_cave_pools, serial_undead, serial_undead_f, serial_undead_d,
          serial_undead_c, serial_undead_e, serial_undead_e, minivault_27,
          uniq_nergalle
D:11:     layout_basic, erik_lair_orcish_takeover, basic_altar, enter_trove_5

Skill      XL: |  1  2  3  4  5  6  7  8  9 10 |
---------------+-------------------------------+-----
Axes           | 3 |  3.7
Dodging        | 2 3 4 5 6 7 |  7.2
Armour         | 2 3 4 5 6 7 |  7.3
Fighting       | 4 5 6 7 8 |  8.5
Maces & Flails | 1 2 3 4 6 |  6.8
Throwing       | |  0.5
Stealth        | |  0.7

Action                   |  1- 3 |  4- 6 |  7- 9 | 10-12 || total
-------------------------+-------+-------+-------+-------++-------
Melee: Hand axe          |   109 |    96 |       |       ||   205
       Flail             |       |   105 |   321 |    98 ||   524
       Headbutt          |       |     9 |    66 |    31 ||   106
Throw: Javelin           |     8 |       |       |       ||     8
Invok: Berserk           |       |     5 |     9 |     3 ||    17
       Trog's Hand       |       |     1 |     2 |       ||     3
       Brothers in Arms  |       |       |       |     3 ||     3
  Use: Scroll            |     2 |     2 |     3 |       ||     7
       Potion            |       |       |       |     2 ||     2
  Eat: Chunk             |     3 |     8 |    10 |     3 ||    24
       Ration            |     1 |     1 |     4 |       ||     6
Armor: Animal skin       |    17 |       |       |       ||    17
       Robe              |    14 |       |       |       ||    14
       Ring mail         |       |    70 |       |       ||    70
       Chain mail        |       |    32 |   149 |       ||   181
       Plate armour      |       |       |   125 |   115 ||   240
Dodge: Dodged            |    66 |    78 |   116 |    34 ||   294
Block: Shield            |     8 |   161 |   361 |    98 ||   628
       Other             |     2 |       |       |       ||     2
